 Dungeon Crawl Stone Soup version 0.26.1-11-gd32895ea62 (webtiles) character file.

Game seed: 14124539406281149612

109 Zeld the Chopper (level 4, -1/39 HPs)
             Began as a Hill Orc Fighter on May 25, 2021.
             Slain by Sigmund
             ... wielding a +0 scythe
              (8 damage)
             ... on level 3 of the Dungeon.
             The game lasted 00:03:46 (2993 turns).

Zeld the Chopper (Hill Orc Fighter)                 Turns: 2993, Time: 00:03:47

Health: -1/39      AC:  6    Str: 19    XL:     4   Next: 89%
Magic:  4/4        EV:  5    Int:  8    God:
Gold:   144        SH: 14    Dex: 10    Spells: 3/3 levels left

rFire    . . .     SeeInvis .   a - +0 war axe
rCold    . . .     Faith    .   c - +0 tower shield
rNeg     . . .     Spirit   .   b - +0 scale mail
rPois    .         Reflect  .   (no helmet)
rElec    .         Harm     .   (no cloak)
rCorr    .         Rampage  .   (no gloves)
Will     .....                  (no boots)
Stlth    ..........             (no amulet)
HPRegen  0.13/turn              (no ring)
MPRegen  0.09/turn              (no ring)

@: mighty
A: no striking features
a: no special abilities


You were on level 3 of the Dungeon.
You visited 1 branch of the dungeon, and saw 3 of its levels.

You collected 144 gold pieces.

Inventory:

Hand Weapons
 a - a +0 war axe (weapon)
Missiles
 j - 33 poisoned darts (quivered)
Armour
 b - a +0 scale mail (worn)
 c - a +0 tower shield (worn)
Jewellery
 i - a +6 ring of intelligence {unknown}
 o - an uncursed amulet of magic regeneration {unknown}
Scrolls
 e - a scroll of fog {unknown}
 g - 2 scrolls of remove curse {unknown}
 h - 2 scrolls of enchant armour {unknown}
 k - 2 scrolls of magic mapping {unknown}
 l - a scroll of fear {unknown}
 n - a scroll of identify {unknown}
 p - a scroll of enchant weapon {unknown}
Potions
 f - 5 potions of attraction {unknown}
 m - a potion of magic {unknown}
 q - a potion of lignification {unknown}


   Skills:
 - Level 3.6 Fighting
 * Level 5.0 Axes
 - Level 3.2 Armour
 * Level 4.8 Shields


You had 3 spell levels left.
You didn't know any spells.
Your spell library was empty.

Dungeon Overview and Level Annotations

Branches:
Dungeon (3/15)

Altars:
Kikubaaqudgha
Qazlal

Annotations:
D:3 Sigmund


Message History

Sigmund is moderately wounded.
Sigmund gestures at you while chanting. The puff of flame hits you!
You closely miss Sigmund.
Sigmund is moderately wounded.
Sigmund gestures at you while chanting. The puff of flame hits you!
* * * LOW HITPOINT WARNING * * *
You block Sigmund's attack.
You closely miss Sigmund.
Sigmund is moderately wounded.
You block Sigmund's attack.
You hit Sigmund.
Sigmund is moderately wounded.
You block Sigmund's attack.
You feel very mighty all of a sudden.
You barely miss Sigmund.
Sigmund is moderately wounded.
Sigmund hits you with a +0 scythe!
You die...

.>.$... .......
....... .......
..... #
#...#####.#
#.#.@#....#
#.##@..# #....###
#####
#######..#..##
#....
##.....#......#
#.##.
##.............##
#.###
#...............##
#.##.
#................#
#.#..
#................#
####...#
#.....<..........#
###......รท


You could see Sigmund.

Vanquished Creatures
  4 adders
  An ooze (D:1)
  2 worms (D:3)
  3 dart slugs
  9 bats
  3 giant cockroaches
  5 goblins
  5 hobgoblins
  A quokka (D:2)
  5 frilled lizards
  11 kobolds
  12 rats
  A bush (D:2)
62 creatures vanquished.

Vanquished Creatures (others)
  8 plants (D:2)
8 creatures vanquished.

Grand Total: 70 creatures vanquished

Notes
Turn   | Place    | Note
-------+----------+-------------------------------------------
     0 | D:1      | Zeld the Hill Orc Fighter began the quest for the Orb.
     0 | D:1      | Reached XP level 1. HP: 19/19 MP: 1/1
    99 | D:1      | Reached skill level 3 in Axes
   194 | D:1      | Reached XP level 2. HP: 26/26 MP: 2/2
   612 | D:1      | Reached XP level 3. HP: 28/31 MP: 3/3
  1149 | D:2      | Found a stormy altar of Qazlal.
  1198 | D:2      | Reached skill level 4 in Axes
  1620 | D:2      | Reached XP level 4. HP: 36/39 MP: 4/4
  1648 | D:2      | Found an ancient bone altar of Kikubaaqudgha.
  2895 | D:3      | Reached skill level 5 in Axes
  2976 | D:3      | Noticed Sigmund
  2993 | D:3      | Slain by Sigmund

Illustrated notes

Levels and vault maps discovered:
D:1:      mrwooster_arrival_statue_2, layout_basic, nrook_mini_vaults,
          kennysheep_minor_cross
D:2:      layout_loops_ring, grunt_qazlal_sundering,
          nicolae_overflow_hidden_temple, serial_forest,
          infiniplex_forest_clump_small, infiniplex_forest_clump_diagonal,
          infiniplex_forest_side_room, infiniplex_forest_clump_large,
          infiniplex_forest_zigzag_1, infiniplex_forest_split,
          infiniplex_forest_straight_4, infiniplex_forest_end_3,
          infiniplex_forest_clump_tiny, minmay_tripent
D:3:      kennysheep_the_goblin_king, layout_rooms, uniq_sigmund

Skill      XL: |  1  2  3  4 |
---------------+-------------+-----
Axes           | 3 4 5 |  5.0
Shields        | 4 |  4.8
Fighting       | |  3.6
Armour         | |  3.2

Action                   |  1- 3 |  4- 6 || total
-------------------------+-------+-------++-------
Melee: War axe           |   104 |   122 ||   226
  Use: Potion            |       |     1 ||     1
Armor: Scale mail        |    43 |    29 ||    72
Dodge: Dodged            |    20 |     8 ||    28
Block: Tower shield      |    84 |    61 ||   145
